 Dungeon Crawl Stone Soup version 0.26-a0-259-g1effd001a9 (webtiles) character file.

Game seed: 16001294504490260012

2147 sanka the Frost Mage (level 9, -1/64 HPs)
             Began as a Barachi Ice Elementalist on July 13, 2020.
             Was a Believer of Vehumet.
             Slain by a wight
             ... wielding a +0 spear
              (3 damage)
             ... on level 6 of the Dungeon.
             The game lasted 00:12:16 (7317 turns).

sanka the Frost Mage (Barachi Ice Elementalist)     Turns: 7317, Time: 00:12:17

Health: -1/64      AC: 12    Str: 10    XL:     9   Next: 31%
Magic:  5/18       EV: 13    Int: 19    God:    Vehumet [**....]
Gold:   328        SH:  0    Dex: 12    Spells: 5/20 levels left

rFire    x . .     SeeInvis .   a - +2 whip (elec)
rCold    + . .     Faith    +   (no shield)
rNeg     + . .     Spirit   .   u - +0 robe
rPois    .         Reflect  .   v - +0 helmet
rElec    .         Harm     .   i - scarf {repulsion}
rCorr    .                      (no gloves)
MR       .....                  E - +0 pair of boots
Stlth    ++........             C - amulet of faith
HPRegen  0.20/turn              w - ring of ice
MPRegen  0.16/turn              z - ring of positive energy

@: icy armour, lightly drained, repel missiles, slow
A: +LOS, swims, slowness 1, strong legs 1
a: Hop, Renounce Religion


You were on level 6 of the Dungeon.
You worshipped Vehumet.
Vehumet was pleased with you.
You were not hungry.

You visited 2 branches of the dungeon, and saw 7 of its levels.

You collected 328 gold pieces.


Innate Abilities, Weirdness & Mutations

You can be seen from farther away. (+LOS)
You can swim through water.
You cover ground slowly.
You can hop short distances.


   Skills:
 * Level 3.4(2.9) Fighting
 * Level 4.0(3.5) Dodging
 - Level 1.7(1.3) Stealth
 - Level 6.0(5.4) Spellcasting
 + Level 2.0(1.5) Conjurations
 - Level 4.0(3.5) Summonings
 + Level 11.3(10.7) Ice Magic


You had 5 spell levels left.
You knew the following spells:

 Your Spells              Type           Power        Failure   Level
a - Ozocubu's Armour      Chrm/Ice       #####...     4%          3
u - Hailstorm             Conj/Ice       #####...     10%         4
x - Summon Ice Beast      Ice/Summ       #####...     6%          4
y - Frozen Ramparts       Ice            ######       1%          3
z - Freeze                Ice            ####         1%          1

Your spell library contained the following spells:

 Spells                   Type           Power        Failure   Level
 Searing Ray              Conj           ##....       10%         2

Inventory:

Hand Weapons
 a - a +2 whip of electrocution (weapon)
 b - a +0 hunting sling
 l - a +4 dagger
 o - the +3 short sword of the World {venom, MR+ Int+2}

   It poisons the flesh of those it strikes.
   It affects your intelligence (+2).
   It affects your resistance to hostile enchantments.
Missiles
 d - 176 stones (quivered)
 j - 84 sling bullets
Armour
 i - a scarf of repulsion (worn)
 u - a +0 robe (worn)
 v - a +0 helmet (worn)
 E - a +0 pair of boots (worn)
Jewellery
 w - a ring of ice (left hand)
 z - a ring of positive energy (right hand)
 C - an amulet of faith (around neck)
Wands
 g - a wand of clouds (4)
 y - a wand of paralysis (10)
Scrolls
 h - 3 scrolls of amnesia
 k - a scroll of enchant armour
 q - 2 scrolls of teleportation {@r4}
 x - a scroll of blinking
 A - 2 scrolls of enchant weapon {unknown}
 B - a scroll of immolation {unknown}
 F - a scroll of random uselessness {unknown}
Potions
 e - a potion of haste {unknown}
 f - 2 potions of cancellation {unknown}
 m - 3 potions of curing {unknown}
 n - 2 potions of brilliance {unknown}
 p - 2 potions of flight {unknown}
 r - 3 potions of stabbing {unknown}
 s - a potion of berserk rage {unknown}
 t - a potion of might {unknown}
 D - a potion of degeneration {unknown}
Comestibles
 c - 21 rations

Dungeon Overview and Level Annotations

Branches:
Dungeon (6/15)             Temple (1/1) D:4

Altars:
Ashenzari
Cheibriados
Elyvilon
Fedhas
Gozag
Hepliaklqana
Makhleb
Nemelex Xobeh
Okawaru
Qazlal
Ru
Sif Muna
Trog
Uskayaw
Vehumet
Wu Jian
Xom
Yredelemnul
Zin
The Shining One

Annotations:
D:6 1 runed translucent door, Crazy Yiuf

... .. ... ..▒ ▒▒.
..▒▒▒▒▒▒▒..▒ ▒▒▒
...........(▒.. ...
..........(.(. ▒.▒
............. ▒.▒
▒....▒▒.▒▒.▒ ▒ ▒.▒
▒....▒▒.▒▒z▒▒.▒.▒ ▒.▒
▒.....((.Fz†....▒
▒.▒▒▒▒.▒▒▒▒▒.▒▒)▒▒.▒▒▒
▒.▒▒.....▒ ▒..).▒▒.▒
▒▒▒.▒▒.▒.▒.▒▒▒..(....▒
.........▒.▒▒...▒.▒▒▒▒
.........▒.▒▒...▒.▒
▒▒.▒▒▒............▒
▒▒.▒ ▒▒▒..........▒
▒▒.▒ ▒▒▒▒.......▒


You could see 2 wights.


Message History

The wight hits you with a +0 spear!
* * * LOW HITPOINT WARNING * * *
You partially resist.
You feel drained.
* * * LOW HITPOINT WARNING * * *
You closely miss the wight.
The wight is moderately damaged.
The wight resists.
The wall freezes the wight.
The wight barely misses you.
The wight resists.
The wall freezes the wight.
The wight barely misses you.
You closely miss the wight.
The wight is heavily damaged.
The wight resists.
The wall freezes the wight.
The wight closely misses you.
The wight resists.
The wall freezes the wight.
The wight hits you with a +4 halberd!
* * * LOW HITPOINT WARNING * * *
You partially resist.
You feel drained.
* * * LOW HITPOINT WARNING * * *
You closely miss the wight.
The wight is heavily damaged.
The frozen ramparts melt away.
The wight hits you with a +0 spear.
You die...

Action                   |  1- 3 |  4- 6 |  7- 9 || total
-------------------------+-------+-------+-------++-------
Melee: Short sword       |       |       |    34 ||    34
       Whip              |       |       |    39 ||    39
 Fire: Hunting sling     |    79 |    74 |   187 ||   340
 Cast: Freeze            |    21 |    20 |    37 ||    78
       Frozen Ramparts   |     1 |     8 |    23 ||    32
       Ozocubu's Armour  |       |     1 |    10 ||    11
  Use: Scroll            |       |     4 |     3 ||     7
  Eat: Ration            |     1 |     2 |     4 ||     7
Armor: Robe              |     4 |     2 |    50 ||    56
Dodge: Dodged            |    18 |    11 |   119 ||   148
       Repelled          |       |       |     7 ||     7

Levels and vault maps discovered:
D:1:      evilmike_arrival_rings, layout_basic, minmay_misc_feat_four_crosses
D:2:      layout_loops_ring, tso_oasis_becter, grunt_temple_overflow_open,
          chequers_ecumenical_altar_simple, skrybe_limestone_x
D:3:      layout_basic, nicolae_overflow_crystal_walls, serial_corexii_hall,
          chequers_hall_statues_wall_a, corexii_hall_statues_l,
          chequers_hall_statues_y, corexii_hall_statues_s, minmay_door_square,
          uniq_jessica
D:4:      layout_basic, minmay_temple_entry_purple_smoke, uniq_menkaure,
          uniq_robin, uniq_duvessa, uniq_ijyb
D:5:      layout_loops_corners, minitemple, first_ration, uniq_blork_the_orc
D:6:      layout_loops_ring, gammafunk_ghost_nasty_kobolds, uniq_edmund,
          uniq_eustachio, uniq_crazy_yiuf_cottage
Temple:   cyrus_temple_forest

Notes
Turn   | Place    | Note
-------+----------+-------------------------------------------
     0 | D:1      | sanka the Barachi Ice Elementalist began the quest for the
                  | Orb.
     0 | D:1      | Reached XP level 1. HP: 13/13 MP: 3/3
   175 | D:1      | Reached skill level 5 in Ice Magic
   189 | D:1      | Reached XP level 2. HP: 19/19 MP: 2/5
   565 | D:1      | Reached XP level 3. HP: 24/24 MP: 7/7
   613 | D:1      | Reached skill level 3 in Spellcasting
  1211 | D:2      | Learned a level 3 spell: Frozen Ramparts
  1215 | D:2      | Learned a level 3 spell: Ozocubu's Armour
  1314 | D:2      | Found an opulent altar of Gozag.
  1317 | D:2      | Found a shimmering altar of Xom.
  1331 | D:2      | Reached skill level 6 in Ice Magic
  1331 | D:2      | Reached XP level 4. HP: 18/30 MP: 1/8
  1474 | D:2      | Found a snail-covered altar of Cheibriados.
  1474 | D:2      | Found a stormy altar of Qazlal.
  1505 | D:2      | Found a glowing golden altar of the Shining One.
  1636 | D:2      | Found a faded altar of an unknown god.
  2125 | D:3      | Reached skill level 7 in Ice Magic
  2125 | D:3      | Reached XP level 5. HP: 35/35 MP: 6/9
  2331 | D:3      | Noticed Jessica
  2344 | D:3      | Killed Jessica
  2415 | D:3      | Found an ornate altar of the Wu Jian Council.
  2942 | D:4      | Noticed Robin
  2947 | D:4      | Killed Robin
  3208 | D:4      | Noticed Dowan
  3210 | D:4      | Noticed Duvessa
  3227 | D:4      | Killed Duvessa
  3227 | D:4      | Reached skill level 8 in Ice Magic
  3227 | D:4      | Reached XP level 6. HP: 41/41 MP: 3/10
  3390 | D:4      | Found a staircase to the Ecumenical Temple.
  3394 | D:4      | Noticed Ijyb
  3410 | D:4      | Killed Ijyb
  3410 | D:4      | Reached skill level 9 in Ice Magic
  3476 | D:4      | Noticed Menkaure
  3479 | Temple   | Entered the Ecumenical Temple
  3550 | Temple   | Became a worshipper of Vehumet
  3605 | D:4      | Killed Menkaure
  3605 | D:4      | Reached XP level 7. HP: 13/46 MP: 4/11
  3605 | D:4      | Killed Dowan
  3870 | D:4      | Learned a level 4 spell: Summon Ice Beast
  4351 | D:4      | Got a buzzing short sword
  4352 | D:4      | Identified the +3 short sword of the World {venom, MR+
                  | Int+2} (You found it on level 4 of the Dungeon)
  4408 | D:5      | Entered Level 5 of the Dungeon
  4517 | D:5      | Reached skill level 1 in Summonings
  4680 | D:5      | Reached skill level 2 in Summonings
  4680 | D:5      | Reached skill level 10 in Ice Magic
  4713 | D:5      | Found a basalt altar of Yredelemnul.
  4770 | D:5      | Reached skill level 4 in Spellcasting
  4930 | D:5      | Reached skill level 3 in Summonings
  5076 | D:5      | Reached XP level 8. HP: 44/52 MP: 6/14
  5421 | D:5      | Reached * piety under Vehumet
  5421 | D:5      | Offered knowledge of Shock by Vehumet.
  5421 | D:5      | Reached skill level 4 in Summonings
  5542 | D:5      | Reached skill level 5 in Spellcasting
  5822 | D:5      | Noticed Blork the orc
  5834 | D:5      | Killed Blork the orc
  6256 | D:5      | Found a shimmering blue altar of Sif Muna.
  6260 | D:5      | Found a glowing silver altar of Zin.
  6261 | D:5      | Found a hazy altar of Hepliaklqana.
  6651 | D:6      | Reached skill level 6 in Spellcasting
  6697 | D:6      | Reached skill level 11 in Ice Magic
  6703 | D:6      | Learned a level 4 spell: Hailstorm
  6793 | D:6      | Noticed Eustachio
  6803 | D:6      | Killed Eustachio
  6803 | D:6      | Reached skill level 1 in Fighting
  6803 | D:6      | Reached XP level 9. HP: 56/60 MP: 15/18
  6842 | D:6      | Found a runed translucent door.
  6843 | D:6      | Noticed Crazy Yiuf
  6864 | D:6      | Reached skill level 1 in Conjurations
  6902 | D:6      | Reached skill level 2 in Fighting
  6902 | D:6      | Reached skill level 3 in Dodging
  7065 | D:6      | Reached ** piety under Vehumet
  7065 | D:6      | Offered knowledge of Searing Ray by Vehumet.
  7257 | D:6      | Reached skill level 3 in Fighting
  7274 | D:6      | Reached skill level 4 in Dodging
  7310 | D:6      | Reached skill level 2 in Conjurations
  7316 | D:6      | HP: 3/64 [wight/+4 halberd (10)]
  7317 | D:6      | Slain by a wight

Vanquished Creatures
  Eustachio (D:6)
  Menkaure (D:4)
  Duvessa (D:4)
  A sky beast (D:5)
  2 phantoms (D:6)
  2 ogres
  3 centaurs
  2 bullfrogs (D:6)
  Blork the orc (D:5)
  Dowan (D:4)
  A scorpion (D:5)
  3 wights (D:6)
  A quasit (D:6)
  2 hounds
  A jelly (D:5)
  A gnoll shaman (D:5)
  2 orc priests (D:5)
  A centaur skeleton (D:6)
  Jessica (D:3)
  Ijyb (D:4)
  5 worker ants
  A killer bee zombie (D:5)
  Robin (D:4)
  10 gnolls
  5 adders
  A shadow imp (D:4)
  2 white imps
  An ufetubus (D:5)
  An ooze (D:6)
  2 adder zombies
  An adder skeleton (D:6)
  3 leopard geckos (D:1)
  7 orcs (D:5)
  3 bats
  3 giant cockroaches
  11 goblins
  13 hobgoblins
  7 jackals
  A quokka (D:4)
  6 frilled lizards
  9 kobolds
  9 rats
131 creatures vanquished.
